 Dungeon Crawl Stone Soup version 0.26-a0-663-g36e8fdb655 (webtiles) character file.

Game seed: 2131250997495816328

7 halkony2012 the Firebug (level 2, -1/15 HPs)
             Began as a Gargoyle Fire Elementalist on Oct 11, 2020.
             Slain by a gnoll
             ... wielding a +0 spear
              (8 damage)
             ... on level 1 of the Dungeon.
             The game lasted 00:02:41 (408 turns).

halkony2012 the Firebug (Gargoyle Fire Elementalist) Turns: 408, Time: 00:02:42

Health: -1/15      AC:  4    Str: 11    XL:     2   Next: 0%
Magic:  0/5        EV: 12    Int: 15    God:
Gold:   27         SH:  0    Dex: 10    Spells: 4/5 levels left

rFire    . . .     SeeInvis .   (no weapon)
rCold    . . .     Faith    .   (no shield)
rNeg     + . .     Spirit   .   a - +0 robe
rPois    ∞         Reflect  .   (no helmet)
rElec    +         Harm     .   (no cloak)
rCorr    .         Rampage  .   (no gloves)
MR       .....                  (no boots)
Stlth    ++........             (no amulet)
HPRegen  0.05/turn              (no ring)
MPRegen  0.09/turn              (no ring)

@: very slightly contaminated
A: negative energy resistance 1, electricity resistance, unbreathing,
petrification resistance, rot immunity, AC +2
a: no special abilities


You were on level 1 of the Dungeon.
You visited 1 branch of the dungeon, and saw 1 of its levels.

You collected 27 gold pieces.

Inventory:

Armour
 a - a +0 robe (worn)
Scrolls
 c - a scroll of remove curse {unknown}
 d - a scroll of teleportation {unknown}
 e - a scroll of identify {unknown}
Potions
 b - a potion of curing {unknown}
 f - a potion of might {unknown}


   Skills:
 - Level 1.5 Dodging
 - Level 2.1 Stealth
 + Level 2.1 Spellcasting
 * Level 1.3 Conjurations
 + Level 3.3 Fire Magic


You had 4 spell levels left.
You knew the following spells:

 Your Spells              Type           Power        Failure   Level
a - Foxfire               Conj/Fire      #...         9%          1

Your spell library contained the following spells:

 Spells                   Type           Power        Failure   Level
 Conjure Flame            Conj/Fire      #.......     26%         3
 Inner Flame              Hex/Fire       #.......     32%         3
 Sticky Flame             Conj/Fire      #.......     63%         4
 Fireball                 Conj/Fire      #.........   93%         5


Dungeon Overview and Level Annotations

Branches:
Dungeon (1/15)

Altars:


Innate Abilities, Weirdness & Mutations

You are resistant to torment.
Your stone body is resilient. (AC +2)
You are immune to poison.
You resist negative energy. (rN+)
You are resistant to electric shocks. (rElec)
You can survive without breathing.
You are immune to petrification.
You are immune to rotting.


Message History

Casting: Foxfire (safe; 9% risk of failure)
Confirm with . or Enter, or press ? or * to list all spells.
You conjure some foxfire!
Your foxfire dissipates!
The foxfire hits the gnoll.
The gnoll is moderately wounded.
Casting: Foxfire (safe; 9% risk of failure)
Confirm with . or Enter, or press ? or * to list all spells.
You miscast Foxfire.
You are very lightly contaminated with residual magic.
Nothing appears to happen.
The gnoll hits you from afar with a +0 spear!
Ouch! That really hurt!
Found 7 gold pieces.
Casting: Foxfire (safe; 9% risk of failure)
Confirm with . or Enter, or press ? or * to list all spells.
You conjure some foxfire!
The gnoll hits you from afar with a +0 spear!
Ouch! That really hurt!
You die...

.# #.......# ..[.
.####.......####
....
.#.............###
.'......⌠......'.#
##.............#.#
#####.......####.#
# #<......# #g# #
###...### #v# #
#...# #@# # #...#
#v.$# # ##+##
#.#.# # ..#.# #
### # # #


You could see a gnoll.

Vanquished Creatures
  A hobgoblin (D:1)
  2 jackals (D:1)
  A kobold (D:1)
  A bat (D:1)
  A rat (D:1)
6 creatures vanquished.

Vanquished Creatures (others)
  19 foxfires (D:1)
19 creatures vanquished.

Grand Total: 25 creatures vanquished

Notes
Turn   | Place    | Note
-------+----------+-------------------------------------------
     0 | D:1      | halkony2012 the Gargoyle Fire Elementalist began the quest
                  | for the Orb.
     0 | D:1      | Reached XP level 1. HP: 10/10 MP: 3/3
   380 | D:1      | Reached XP level 2. HP: 15/15 MP: 0/5
   408 | D:1      | Slain by a gnoll

Illustrated notes

Levels and vault maps discovered:
D:1:      minmay_arrival_cross, layout_basic

Action                   || total
-------------------------++-------
 Cast: Foxfire           ||    15
Armor: Robe              ||     5
Dodge: Dodged            ||    16

Table legend: (Time is in decaauts)
 A = Elapsed time spent in this place.
 B = Non-inter-level travel time spent in this place.
 C = Inter-level travel time spent in this place.
 D = Time resting spent in this place.
 E = Time spent auto-exploring this place.
 F = Levels seen in this place.
 G = Mean time per level.
                   A        B        C        D        E       F      G
               +--------+--------+--------+--------+--------+-----+--------+
         Total |    408 |    408 |      0 |    108 |      0 |   1 |  408.0 |
       Dungeon |    408 |    408 |      0 |    108 |      0 |   1 |  408.0 |
               +--------+--------+--------+--------+--------+-----+--------+

Top non-repeatable levels by time:
     D:1: 408 daAuts
